 Dungeon Sprint DCSS version 0.30-a0-374-g95c0257040 (webtiles) character file.

Game seed: 14490646200510007621

541 McGhostyFace the Thaumaturge (level 7, -9/56 HPs)
             Began as a Gnoll Wanderer on Nov 26, 2022.
             Mangled by a human (14 damage)
             ... in the Dungeon (Sprint III: "The Ten Rune Challenge").
             The game lasted 00:05:28 (642 turns).

McGhostyFace the Thaumaturge (Gnoll Wanderer)        Turns: 642, Time: 00:05:28

Health: -9/56      AC:  2    Str:  9    XL:     7   Next: 26%
Magic:  11/19      EV: 13    Int: 16    God:
Gold:   20         SH:  5    Dex: 11    Spells: 18/24 levels left

rFire   . . .      SeeInvis +    k - +0 falchion
rCold   . . .      Faith    .    d - +0 buckler
rNeg    . . .      Spirit   .    c - +0 robe
rPois   .          Reflect  .    (helmet restricted)
rElec   .          Harm     .    (no cloak)
rCorr   .          Rampage  .    (no gloves)
Will    .....      NoTele   +    (no boots)
Stlth   +++.......               (no amulet)
HPRegen 0.29/turn                (no ring)
MPRegen 0.16/turn                (no ring)

@: no status effects
A: fangs 1, strong nose, distributed training, horns 1, see invisible, passive
freeze, noise suppression
a: no special abilities


You were in the Dungeon.
You visited 1 branch You collected 20 gold pieces.

Inventory:

Hand Weapons
 a - a +0 dagger
 f - a +0 long sword of holy wrath
 k - a +0 falchion (weapon)
Armour
 c - a +0 robe (worn)
 d - a +0 buckler (worn)
Scrolls
 b - a scroll of fog
 g - a scroll of immolation {unknown}
 j - a scroll of blinking
 l - 3 scrolls of identify
 n - a scroll of torment {unknown}
Potions
 h - 2 potions of magic
 m - 2 potions of flight
 o - 2 potions of resistance {unknown}
 p - 3 potions of mutation


   Skills:
 + Level 5.5 Fighting
 + Level 5.5 Short Blades
 + Level 5.5 Long Blades
 + Level 5.5 Axes
 + Level 5.5 Maces & Flails
 + Level 5.5 Polearms
 + Level 5.5 Staves
 + Level 5.5 Ranged Weapons
 + Level 5.5 Throwing
 + Level 5.5 Armour
 + Level 5.5 Dodging
 + Level 6.1 Stealth
 + Level 7.3 Shields
 + Level 5.5 Unarmed Combat
 + Level 9.1 Spellcasting
 + Level 6.0 Conjurations
 + Level 4.5 Hexes
 + Level 4.5 Summonings
 + Level 4.5 Necromancy
 + Level 4.5 Translocations
 + Level 4.5 Transmutations
 + Level 4.5 Fire Magic
 + Level 4.5 Ice Magic
 + Level 4.5 Air Magic
 + Level 4.5 Earth Magic
 + Level 4.5 Poison Magic
 + Level 6.1 Invocations
 + Level 6.2 Evocations


You had 18 spell levels left.
You knew the following spells:

 Your Spells              Type           Power      Damage    Failure   Level
a - Freeze                Ice            88%        1d9       1%          1
b - Static Discharge      Conj/Air       48%        2-4/arc   1%          2
c - Frozen Ramparts       Ice            44%        1d7       5%          3

Your spell library contained the following spells:

 Spells                   Type           Power      Damage    Failure   Level
 Kiss of Death            Conj/Necr      96%        2d12      1%          1
 Momentum Strike          Conj/Tloc      48%        3d9       1%          2
 Searing Ray              Conj           52%        2d6       1%          2
 Blink                    Tloc           44%        N/A       2%          2
 Passwall                 Tmut/Erth      18%        N/A       2%          2
 Hailstorm                Conj/Ice       24%        3d7       4%          3
 Lesser Beckoning         Tloc           44%        N/A       5%          3


Dungeon Overview and Level Annotations

Branches:
Dungeon (1/1)

Altars:
Elyvilon
Kikubaaqudgha
Sif Muna
Trog
Uskayaw
Vehumet
Wu Jian
Zin
The Shining One


Innate Abilities, Weirdness & Mutations

You have very sharp teeth.
Your uncanny sense of smell can sniff out nearby items.
Your experience applies equally to all skills.
You have a pair of small horns on your head.
You have supernaturally acute eyesight. (SInv)
A frigid envelope surrounds you and freezes all who hurt you.
You passively dampen the noise of your surroundings.


Message History

The human shouts!
You close the door.
A human opens the door.
You close the door.
A human breaks down the door.
Casting: Freeze (safe; 1% risk of failure)
Confirm with . or Enter, or press ? or * to list all spells.
Okay, then.
Casting: Freeze (safe; 1% risk of failure)
Confirm with . or Enter, or press ? or * to list all spells.
You don't know that spell.
Unknown command.
Okay, then.
Okay, then.
The human attacks as you move away! You block the human's attack.
The human drinks a potion.
The human goes berserk!
The human drinks a potion.
The human seems to grow stronger.
The human rages.
The human attacks as you move away! You block the human's attack.
The human attacks as you move away! The human barely misses you.
The human misses you. The human attacks as you move away! The human hits you!
* * * LOW HITPOINT WARNING * * *
The human is very cold.
The human is lightly wounded.
You block the human's attack. The human attacks as you move away!
You block the human's attack.
You feel better. The human hits you!
* * * LOW HITPOINT WARNING * * *
The human is very cold.
The human is moderately wounded.
The human closely misses you. The human closely misses you.
The human attacks as you move away! You block the human's attack.
The human misses you. The human attacks as you move away! The human misses you.
The human closely misses you.
Things that are here:
a +0 dagger; a +0 robe The human rages.
The human hits you!
You die...

▓▓▓▓▓▓▓▓▓ ▓▓▓
▓<..#)..#### ##.#####
▓...#......#####..#___#
▓..##.......#..#..#!..#_
▓##.##)##...#..#..###'#'
##.##p###p.##'#..#.....
▓#.####@##..###...'.⌠...
▓.###..##..####...#...##
▓#.....##..###....#.⌠.#
###..##...##.....#...#∆
##..##....#.p....#'###
#..###..##.#.....#)).#
#..# #..#####....#___#
▓▓▓▓ ▓▓▓▓ ▓▓▓▓▓▓▓▓▓▓


You could see a human (berserk).

Vanquished Creatures
  A deep elf pyromancer (D)
  A water elemental (D)
  Jessica (D)
  A wizard (D)
  A human (D)
  A kobold demonologist (D)
  A phantom (D)
  An endoplasm (D)
  A rat (D)
9 creatures vanquished.

Notes
Turn   | Place    | Note
-------+----------+-------------------------------------------
     0 | D        | McGhostyFace the Gnoll Wanderer began the quest for the
                  | Orb.
     0 | D        | McGhostyFace set off with the following items: a +0 dagger,
                  | a scroll of fog, a +0 robe, a +0 buckler, a potion of
                  | curing, a potion of heal wounds, a potion of haste, 2
                  | potions of magic, a potion of berserk rage, a scroll of
                  | blinking; and the following spells available to memorise:
                  | Searing Ray, Kiss of Death, Static Discharge, Freeze,
                  | Passwall.
     0 | D        | Reached XP level 1. HP: 13/13 MP: 8/8
     2 | D        | Learned a level 1 spell: Freeze
    95 | D        | Noticed Jessica
   107 | D        | Killed Jessica
   108 | D        | Reached skill level 1 in Fighting
   108 | D        | Reached skill level 1 in Short Blades
   108 | D        | Reached skill level 1 in Long Blades
   108 | D        | Reached skill level 1 in Axes
   108 | D        | Reached skill level 1 in Maces & Flails
   108 | D        | Reached skill level 1 in Polearms
   108 | D        | Reached skill level 1 in Staves
   108 | D        | Reached skill level 1 in Ranged Weapons
   108 | D        | Reached skill level 1 in Throwing
   108 | D        | Reached skill level 1 in Armour
   108 | D        | Reached skill level 1 in Dodging
   108 | D        | Reached skill level 1 in Unarmed Combat
   108 | D        | Reached skill level 1 in Hexes
   108 | D        | Reached skill level 1 in Summonings
   108 | D        | Reached skill level 1 in Necromancy
   108 | D        | Reached skill level 1 in Translocations
   108 | D        | Reached skill level 1 in Transmutations
   108 | D        | Reached skill level 1 in Fire Magic
   108 | D        | Reached skill level 1 in Ice Magic
   108 | D        | Reached skill level 1 in Air Magic
   108 | D        | Reached skill level 1 in Earth Magic
   108 | D        | Reached skill level 1 in Poison Magic
   108 | D        | Reached XP level 2. HP: 9/22 MP: 1/10
   108 | D        | Reached XP level 3. HP: 11/27 MP: 1/11
   111 | D        | Learned a level 2 spell: Static Discharge
   217 | D        | Reached skill level 5 in Shields
   443 | D        | Gained mutation: Your flesh is cold resistant. (rC+)
                  | [potion of mutation]
   443 | D        | Gained mutation: You are somewhat resistant to further
                  | mutation. [potion of mutation]
   444 | D        | Lost mutation: You are somewhat resistant to further
                  | mutation. [potion of mutation]
   444 | D        | Lost mutation: Your flesh is cold resistant. (rC+) [potion
                  | of mutation]
   444 | D        | Gained mutation: A frigid envelope surrounds you and
                  | freezes all who hurt you. [potion of mutation]
   444 | D        | Gained mutation: You have supernaturally acute eyesight.
                  | (SInv) [potion of mutation]
   444 | D        | Gained mutation: You passively dampen the noise of your
                  | surroundings. [potion of mutation]
   444 | D        | Gained mutation: You have a pair of small horns on your
                  | head. [potion of mutation]
   451 | D        | Noticed a water elemental
   457 | D        | Killed a water elemental
   458 | D        | Reached XP level 4. HP: 35/35 MP: 13/13
   504 | D        | Found a radiant altar of Vehumet.
   504 | D        | Found a shimmering blue altar of Sif Muna.
   504 | D        | Found an ancient bone altar of Kikubaaqudgha.
   504 | D        | Noticed a wizard
   506 | D        | Killed a wizard
   507 | D        | Reached skill level 8 in Spellcasting
   507 | D        | Reached XP level 5. HP: 27/41 MP: 11/15
   518 | D        | Learned a level 3 spell: Frozen Ramparts
   597 | D        | Found a glowing silver altar of Zin.
   597 | D        | Found a glowing golden altar of the Shining One.
   597 | D        | Found a white marble altar of Elyvilon.
   598 | D        | Noticed a deep elf pyromancer
   612 | D        | Killed a deep elf pyromancer
   613 | D        | Reached skill level 5 in Fighting
   613 | D        | Reached skill level 5 in Short Blades
   613 | D        | Reached skill level 5 in Long Blades
   613 | D        | Reached skill level 5 in Axes
   613 | D        | Reached skill level 5 in Maces & Flails
   613 | D        | Reached skill level 5 in Polearms
   613 | D        | Reached skill level 5 in Staves
   613 | D        | Reached skill level 5 in Ranged Weapons
   613 | D        | Reached skill level 5 in Throwing
   613 | D        | Reached skill level 5 in Armour
   613 | D        | Reached skill level 5 in Dodging
   613 | D        | Reached skill level 5 in Unarmed Combat
   613 | D        | Reached skill level 9 in Spellcasting
   613 | D        | Reached XP level 6. HP: 9/51 MP: 6/18
   613 | D        | Reached XP level 7. HP: 10/56 MP: 6/19
   615 | D        | Found an ornate altar of the Wu Jian Council.
   615 | D        | Noticed a human
   615 | D        | Noticed a human
   616 | D        | Found a hide-covered altar of Uskayaw.
   616 | D        | Found a bloodstained altar of Trog.
   632 | D        | HP: 1/56 [human (14)]
   642 | D        | Mangled by a human

Illustrated notes

Levels and vault maps discovered:
D:        dungeon_sprint_mu [sprint_mu_entry_cave, sprint_mu_temple_rooms,
          sprint_mu_d1_horrors, sprint_mu_d2_genie, sprint_mu_d3_branching,
          sprint_mu_orc_legion, sprint_mu_elf_gauntlet, sprint_mu_hive_nellie,
          sprint_mu_lair_fedhas, sprint_mu_vaults_butterflies,
          sprint_mu_slime_circle, sprint_mu_swamp_cave, sprint_mu_shoals_archi,
          sprint_mu_blade_basic, sprint_mu_crypt_lich, sprint_mu_tomb_spiral,
          sprint_mu_vestibule_basic, sprint_mu_gehenna_hellfire,
          sprint_mu_dis_giant, sprint_mu_tartarus_statrot,
          sprint_mu_cocytus_islands, sprint_mu_zot1]

Skill      XL: |  1  2  3  4  5 |
---------------+----------------+-----
Fighting       | 1 3 5 |  5.5
Short Blades   | 1 3 5 |  5.5
Long Blades    | 1 3 5 |  5.5
Axes           | 1 3 5 |  5.5
Maces & Flails | 1 3 5 |  5.5
Polearms       | 1 3 5 |  5.5
Staves         | 1 3 5 |  5.5
Ranged Weapons | 1 3 5 |  5.5
Throwing       | 1 3 5 |  5.5
Armour         | 1 3 5 |  5.5
Dodging        | 1 3 5 |  5.5
Stealth        | 3 4 6 |  6.1
Unarmed Combat | 1 3 5 |  5.5
Conjurations   | 4 6 |  6.0
Hexes          | 1 2 4 |  4.5
Summonings     | 1 2 4 |  4.5
Necromancy     | 1 2 4 |  4.5
Translocations | 1 2 4 |  4.5
Transmutations | 1 2 4 |  4.5
Fire Magic     | 1 2 4 |  4.5
Ice Magic      | 1 2 4 |  4.5
Air Magic      | 1 2 4 |  4.5
Earth Magic    | 1 2 4 |  4.5
Poison Magic   | 1 2 4 |  4.5
Invocations    | 2 3 6 |  6.1
Evocations     | 3 4 6 |  6.2
Shields        | 5 7 |  7.3
Spellcasting   | 8 9 |  9.1

Action                   |  1- 3 |  4- 6 |  7- 9 || total
-------------------------+-------+-------+-------++-------
Melee: Falchion          |    12 |       |       ||    12
       Bite              |     2 |       |       ||     2
       Headbutt          |     1 |       |       ||     1
 Cast: Freeze            |    31 |     3 |       ||    34
       Static Discharge  |       |     2 |       ||     2
       Frozen Ramparts   |       |     2 |       ||     2
  Use: Potion            |     4 |     1 |     1 ||     6
Armor: Robe              |     1 |       |       ||     1
Dodge: Dodged            |    23 |     3 |     7 ||    33
Block: Buckler           |    12 |       |     5 ||    17

Table legend: (Time is in decaauts)
 A = Elapsed time spent in this place.
 B = Non-inter-level travel time spent in this place.
 C = Inter-level travel time spent in this place.
 D = Time resting spent in this place.
 E = Time spent auto-exploring this place.
 F = Levels seen in this place.
 G = Mean time per level.
                   A        B        C        D        E       F      G
               +--------+--------+--------+--------+--------+-----+--------+
         Total |    635 |    635 |      0 |    414 |      0 |   1 |  635.0 |
       Dungeon |    635 |    635 |      0 |    414 |      0 |   1 |  635.0 |
               +--------+--------+--------+--------+--------+-----+--------+

Top non-repeatable levels by time:
       D: 635 daAuts
